Map: Zen LE

Players

TLHarstem (Harstem) - Winner!

  • Race: Protoss Protoss
  • Spawn Location: 7:00

YoutubeTY (TY)

  • Race: Terran Terran
  • League: Diamond
  • Spawn Location: 1:00

Event: Shopify TSL 5

VOD

Have the link to the VOD?

Description

Time

  • Played on: May 23, 2020, 10:49 a.m.
  • Length: 12:45

All games in this series

Show
View Real Time Build Order
Export as new Build Order

TLHarstem Protoss - Winner!

Build Orders: 1 Gate Expand, Colossus Rush 

Get SALT Encoding   

  12  0:01  Probe  
  13  0:13  Probe  
  14  0:17  Pylon  
  14  0:25  Probe  
  15  0:35  Gateway  
  15  0:38  Probe (Chrono Boost)  
  16  0:47  Probe (Chrono Boost)  
  16  0:48  Assimilator  
  17  0:52  Probe (Chrono Boost)  
  18  1:04  Probe  
  19  1:16  Probe  
  20  1:22  Cybernetics Core  
  20  1:34  Nexus  
  20  1:40  Pylon  
  20  1:43  Probe  
  21  1:49  Assimilator  
  21  1:55  Probe  
  21  2:01  Adept (Chrono Boost)  
  22  2:03  Warp Gate (Chrono Boost)  
  22  2:08  Probe  
  25  2:20  Probe  
  25  2:21  Stalker (Chrono Boost)  
  28  2:32  Probe  
  29  2:42  Gateway  
  29  2:44  Sentry  
  31  2:46  Probe x2  
  33  2:54  Gateway  
  33  2:58  Probe x2  
  35  3:10  Stalker  
  35  3:11  Shield Battery  
  37  3:13  Probe  
  37  3:17  Probe  
  39  3:21  Pylon  
  39  3:25  Probe  
  40  3:29  Probe  
  41  3:40  Probe (Chrono Boost)  
  41  3:41  Probe (Chrono Boost)  
  41  3:48  Sentry, Robotics Facility  
  42  3:51  Probe (Chrono Boost)  
  42  3:52  Probe (Chrono Boost)  
  42  3:54  Pylon  
  46  3:56  Probe (Chrono Boost)  
  46  4:01  Probe  
  48  4:08  Probe  
  49  4:13  Probe  
  50  4:20  Probe  
  51  4:24  Stalker, Zealot  
  51  4:25  Probe  
  51  4:26  Nexus  
  51  4:28  Pylon  
  51  4:30  Sentry  
  58  4:32  Probe  
  58  4:38  Probe  
  58  4:44  Probe (Chrono Boost)  
  57  4:47  Robotics Bay  
  57  4:49  Phoenix  
  57  4:50  Probe (Chrono Boost)  
  57  4:54  Assimilator  
  57  4:56  Probe (Chrono Boost)  
  57  4:59  Shield Battery, Assimilator  
  59  5:01  Probe (Chrono Boost), Stalker, Zealot  
  59  5:03  Probe (Chrono Boost)  
  59  5:05  Probe (Chrono Boost)  
  64  5:10  Probe, Pylon  
  64  5:13  Observer (Chrono Boost)  
  67  5:16  Probe  
  67  5:18  Pylon  
  68  5:22  Probe  
  68  5:26  Observer (Chrono Boost)  
  68  5:28  Forge  
  70  5:29  Probe  
  70  5:31  Pylon  
  71  5:42  Probe, Colossus (Chrono Boost)  
  72  5:44  Probe  
  79  5:50  Probe  
  79  5:53  Pylon  
  79  5:54  Probe  
  79  5:56  Probe  
  82  5:57  Extended Thermal Lance  
  82  5:59  Twilight Council  
  83  6:08  Probe, Protoss Ground Weapons Level 1 (Chrono Boost)  
  83  6:09  Zealot x2  
  83  6:10  Pylon  
  87  6:16  Probe  
  88  6:18  Photon Cannon  
  88  6:20  Probe  
  88  6:22  Colossus (Chrono Boost)  
  96  6:33  Stalker  
  96  6:37  Zealot  
  96  6:38  Zealot, Assimilator  
  101  6:40  Blink  
  101  6:41  Assimilator  
  101  6:42  Probe  
  102  6:51  Cybernetics Core  
  102  6:52  Probe  
  102  6:53  Pylon  
  103  6:56  Pylon  
  103  7:00  Probe, Pylon  
  103  7:01  Probe  
  104  7:04  Probe  
  105  7:12  Probe  
  105  7:13  Probe  
  107  7:17  Stalker x3, Gateway  
  107  7:19  Colossus (Chrono Boost)  
  113  7:26  Probe  
  113  7:27  Probe  
  121  7:35  Shield Battery  
  121  7:36  Photon Cannon  
  121  7:38  Probe  
  121  7:40  Stalker x2  
  121  7:42  Stalker  
  128  7:49  Probe  
  128  7:50  Probe  
  126  8:00  Gateway  
  126  8:01  Gateway x2  
  126  8:04  Gateway  
  126  8:05  Stalker  
  126  8:07  Pylon, Disruptor (Chrono Boost)  
  126  8:08  Gateway  
  131  8:14  Protoss Ground Weapons Level 2 (Chrono Boost)  
  131  8:21  Forge  
  131  8:24  Observer  
  131  8:33  Pylon  
  131  8:35  Disruptor (Chrono Boost)  
  131  8:37  Nexus  
  131  8:39  Charge  
  134  8:41  Probe  
  134  8:42  Pylon  
  135  8:51  Pylon  
  135  8:53  Stalker, Templar Archives  
  135  8:54  Zealot  
  139  9:02  Protoss Ground Armor Level 1 (Chrono Boost)  
  137  9:04  Probe  
  137  9:07  Stalker x3, Zealot x2, Disruptor (Chrono Boost)  
  146  9:12  Probe x2  
  146  9:16  Observer  
  151  9:20  Probe  
  152  9:24  Probe  
  152  9:25  Dark Shrine  
  152  9:27  Robotics Facility  
  152  9:28  Pylon  
  153  9:32  Gravitic Drive  
  153  9:40  Pylon, Disruptor (Chrono Boost)  
  153  9:43  Zealot, High Templar  
  153  9:44  Stalker, High Templar  
  164  9:50  Archon  
  162  9:54  Probe  
  162  9:58  Stalker x3  
  169  10:04  Stalker  
  171  10:12  Probe  
  171  10:13  Stalker, Disruptor (Chrono Boost)  
  174  10:19  Zealot x2  
  181  10:25  Zealot x3  
  187  10:36  Disruptor  
  187  10:37  Dark Templar x2  
  187  10:41  Disruptor  
  196  10:53  Pylon  
  196  10:55  Pylon  
  196  11:00  Pylon  
  196  11:05  Nexus  
  196  11:12  Probe  
  190  11:26  Zealot x4, Dark Templar  
  194  11:36  Zealot x2  
  184  11:44  Probe  
  184  11:45  Probe  
  176  11:49  Stalker x4  
  177  11:59  Probe  
  174  12:04  Probe x3  
  174  12:07  Gateway  
  177  12:09  Zealot x3, Gateway  
  177  12:11  Probe, Immortal (Chrono Boost)  
  177  12:13  Gateway x2  
  177  12:15  Zealot, Gateway x2  
  190  12:16  Zealot x3  
  149  12:30  Zealot x3  
Show
View Real Time Build Order
Export as new Build Order

YoutubeTY Terran 

Build Orders:  

Get SALT Encoding   

  12  0:00  SCV  
  13  0:13  SCV  
  14  0:17  Supply Depot  
  14  0:25  SCV  
  15  0:39  SCV  
  15  0:40  Barracks  
  16  0:43  Refinery  
  16  0:51  SCV  
  17  0:59  Barracks  
  17  1:03  SCV  
  18  1:11  Supply Depot  
  18  1:15  SCV  
  19  1:31  Reaper  
  20  1:33  Orbital Command  
  20  1:47  Reaper  
  21  1:59  SCV  
  22  2:04  Reaper  
  23  2:10  Command Center  
  23  2:14  SCV  
  24  2:21  Barracks Reactor  
  24  2:24  Barracks  
  24  2:35  SCV  
  25  2:39  Barracks Tech Lab  
  25  2:44  Supply Depot  
  25  2:48  SCV  
  25  2:50  Refinery  
  26  2:58  Concussive Shells  
  26  3:00  SCV, Marauder, Marine x2  
  31  3:11  Marine  
  31  3:12  SCV  
  33  3:18  Marine  
  34  3:21  Marauder  
  34  3:23  Marine  
  34  3:26  Orbital Command  
  37  3:34  SCV, Marine  
  38  3:36  Marine  
  39  3:42  Marine  
  39  3:46  SCV  
  41  3:49  Combat Shield  
  41  3:50  Marauder  
  41  3:51  Marine  
  41  3:53  SCV  
  45  3:57  Marine  
  45  3:58  SCV  
  47  4:04  Marine  
  47  4:05  SCV  
  47  4:08  Supply Depot  
  49  4:11  SCV  
  49  4:12  Marine x2  
  52  4:17  SCV, Marine  
  52  4:20  Factory  
  54  4:29  Marine x2  
  54  4:30  SCV, Supply Depot  
  57  4:31  SCV  
  57  4:37  Marine  
  58  4:42  SCV  
  58  4:43  SCV  
  56  4:47  Marine  
  56  4:51  Marauder  
  57  4:54  SCV  
  57  4:56  SCV, Marine  
  57  4:58  Engineering Bay, Barracks Tech Lab  
  60  5:05  Factory Reactor, Starport  
  60  5:06  SCV  
  61  5:08  SCV, Stimpack  
  61  5:09  Supply Depot, Refinery  
  61  5:13  Marine x2  
  64  5:18  SCV, Marine  
  64  5:19  Marine  
  64  5:20  SCV  
  68  5:23  Supply Depot  
  68  5:24  Refinery  
  68  5:25  Terran Infantry Weapons Level 1  
  68  5:30  SCV  
  68  5:31  Marine  
  68  5:32  SCV  
  71  5:39  Marine x2  
  71  5:40  Marine  
  71  5:42  SCV  
  75  5:44  SCV  
  75  5:48  Medivac x2  
  80  5:52  Marine  
  80  5:54  Supply Depot  
  80  5:55  SCV, Supply Depot  
  80  5:56  SCV  
  80  5:57  Marine, Factory Tech Lab  
  84  6:08  Supply Depot  
  84  6:09  Command Center  
  84  6:10  SCV  
  84  6:18  Medivac x2, Marine  
  84  6:19  Marine  
  84  6:22  SCV  
  84  6:23  SCV  
  95  6:25  Siege Tank  
  95  6:30  Marauder  
  95  6:32  Marauder  
  99  6:36  SCV x2  
  99  6:39  Marine x2  
  103  6:48  SCV x2  
  103  6:52  Marine  
  103  6:53  Marine  
  107  6:59  Viking  
  109  7:04  SCV  
  109  7:08  Supply Depot  
  110  7:09  Viking, Marine x2  
  110  7:10  SCV, Siege Tank  
  118  7:16  Missile Turret  
  118  7:20  Marine  
  118  7:21  Marauder  
  123  7:23  Orbital Command  
  123  7:30  Viking  
  123  7:34  Barracks  
  123  7:35  SCV x2  
  123  7:36  Barracks  
  125  7:44  Viking  
  125  7:49  Marine x2  
  127  7:52  SCV, Marauder x2  
  127  7:56  Terran Infantry Armor Level 1  
  134  8:00  Viking, Siege Tank  
  137  8:07  Marine x2  
  137  8:09  Supply Depot x2  
  137  8:10  Supply Depot  
  139  8:21  Marauder  
  139  8:22  Barracks Reactor, Supply Depot x2  
  139  8:24  Ghost Academy  
  139  8:25  Barracks Tech Lab  
  141  8:30  Viking, Marine x2  
  141  8:31  Marauder  
  147  8:36  Viking, Siege Tank  
  152  8:42  Refinery  
  155  8:50  Marine x2  
  155  8:54  Supply Depot x2  
  157  8:56  Ghost x2  
  157  9:00  Viking  
  157  9:02  Ghost  
  161  9:03  Marine  
  161  9:04  Marine  
  161  9:05  SCV x3, Missile Turret  
  161  9:07  Supply Depot x2  
  78  9:10  Viking  
  165  9:11  Marine x2  
  169  9:20  Siege Tank  
  169  9:23  Marine x2  
  174  9:26  Missile Turret x2  
  174  9:33  Marauder x3  
  174  9:34  Marine x2  
  181  9:41  Marine  
  181  9:42  Refinery  
  181  9:43  Marine  
  183  9:52  Marine  
  182  10:07  Siege Tank  
  182  10:11  Marauder x2, Marine x2  
  182  10:12  Marauder, Marine x2  
  188  10:18  Armory  
  188  10:19  Engineering Bay  
  188  10:20  Liberator x2  
  193  10:29  Marine x2  
  193  10:33  Marauder  
  188  10:48  Siege Tank  
  190  10:51  Marauder, Marine  
  190  10:53  Command Center  
  190  10:54  Command Center  
  193  11:03  Viking x2  
  197  11:12  SCV x2, Marine x2  
  197  11:14  Marine x2  
  199  11:18  SCV  
  199  11:19  Marine  
  199  11:24  SCV  
  193  11:26  SCV  
  193  11:27  Marine x2  
  193  11:30  SCV, Marine x2  
  180  11:36  SCV  
  159  11:44  SCV x2  
  152  11:52  Marine  
  130  12:03  SCV x2, Missile Turret  
  130  12:04  SCV  
  130  12:15  SCV x2  
  130  12:16  SCV  
  103  12:27  SCV  
  103  12:28  SCV x2  
Tags
 
Add a new tag
Caveats
  • Supply blocks, unpowered buildings, or Contaminate may cause inaccurate times.
  • Supply counts are checked every 10 seconds.